[Event "Titled Tuesday Blitz August 22 Late 2023"]
[White "Leiva, Gianmarco"]
[Black "Kashefi, Amir Hosein"]
[WhiteFideId "3804399"]
[BlackFideId "12557935"]
[WhiteElo "2750"]
[BlackElo "2569"]
[Result "1-0"]
[Round "5"]
[TimeControl "180+1"]
[Date "2023.08.22"]
[WhiteClock "0:01:05"]
[BlackClock "0:00:04"]
[Board "48"]

1. e4 c6 2. Nf3 d5 3. d3 dxe4 4. dxe4 Qxd1+ 5. Kxd1 Bg4 6. Be2 Bxf3 7. Bxf3 e5 8. Be3 Nd7 9. Ke2 Bc5 10. Rd1 Bxe3 11. Kxe3 Nb6 12. a4 a5 13. Nd2 Nf6 14. Be2 Nfd7 15. Nb3 Ke7 16. g3 Rhd8 17. f4 f6 18. c3 Nf8 19. Nc5 Rxd1 20. Rxd1 Rb8 21. b4 axb4 22. cxb4 Nfd7 23. Nxd7 Nxd7 24. a5 Rd8 25. Rb1 Ra8 26. Bg4 Nf8 27. Bf5 g6 28. Bg4 g5 29. fxg5 fxg5 30. Bf5 h6 31. h4 gxh4 32. gxh4 Ne6 33. Rg1 Rf8 34. Rg6 Rf6 35. Rg8 Nd4 36. Rb8 Nxf5+ 37. exf5 Rxf5 38. Rxb7+ Kd6 39. a6 Rf8 40. Rh7 Ra8 41. Ke4 Rxa6 42. Rxh6+ Kc7 43. Kxe5 Ra4 44. Rh7+ Kb6 45. Rh8 Kb7 46. h5 Rxb4 47. h6 Rh4 48. Kf5 c5 49. Kg5 Rh1 50. Rf8 Kc6 51. Rf4 Ra1 52. h7 Ra8 53. Kg6 Kb5 54. Kg7 Ra7+ 55. Rf7 Ra8 56. Rf8 Ra7+ 57. Kg6 Rxh7 58. Kxh7 c4 59. Kg6 c3 60. Kf5 Kc4 61. Ke4 c2 62. Rc8+ Kb3 63. Kd3 c1=Q 64. Rxc1 Kb2 65. Rc3 Ka2 66. Kc4 Kb2 67. Kb4 Ka2 68. Rc2+ Ka1 69. Kb3 Kb1 70. Rc3 Ka1 71. Rc1# 1-0


[Site "https://www.chess.com"]

[Event "Titled Tuesday Blitz August 22 Late 2023"]
[White "Roebers, Eline"]
[Black "Amburgy, Ryan"]
[WhiteFideId "1058401"]
[BlackFideId "30924820"]
[WhiteElo "2564"]
[BlackElo "2749"]
[Result "1-0"]
[Round "5"]
[TimeControl "180+1"]
[Date "2023.08.22"]
[WhiteClock "0:00:50"]
[BlackClock "0:00:00"]
[Board "49"]

1. e4 e5 2. Nf3 Nc6 3. Nc3 Nf6 4. a3 d5 5. Bb5 dxe4 6. Nxe5 Bd7 7. Nxc6 bxc6 8. Bc4 Bd6 9. O-O O-O 10. h3 Bf5 11. d4 h6 12. f4 Re8 13. g4 Bc8 14. Be3 Bb7 15. Qe2 Nd5 16. Bxd5 cxd5 17. Qg2 c6 18. Rf2 Rb8 19. f5 Qf6 20. g5 hxg5 21. Bxg5 Qxd4 22. Rd1 Qe5 23. Bf4 Qxf4 24. Rxf4 Bxf4 25. Qg4 Be3+ 26. Kh2 Bh6 27. Ne2 Bc8 28. b3 e3 29. Ng3 e2 30. Re1 Ba6 31. Nh5 Re4 32. Nf6+ Kf8 33. Nxe4 dxe4 34. Qxe4 Re8 35. Qxc6 Bf4+ 36. Kg2 Bc8 37. Kf3 1-0


[Site "https://www.chess.com"]

[Event "Titled Tuesday Blitz August 22 Late 2023"]
[White "Ghazarian, Kirk"]
[Black "Poltorak, Sebastian"]
[WhiteFideId "30908604"]
[BlackFideId "1199498"]
[WhiteElo "2743"]
[BlackElo "2535"]
[Result "1-0"]
[Round "5"]
[TimeControl "180+1"]
[Date "2023.08.22"]
[WhiteClock "0:00:09"]
[BlackClock "0:00:01"]
[Board "50"]

1. e4 c6 2. d3 d5 3. Nf3 dxe4 4. dxe4 Qxd1+ 5. Kxd1 Bg4 6. Nd2 Nd7 7. c3 O-O-O 8. Kc2 e5 9. Bc4 f6 10. h3 Bxf3 11. Nxf3 Kc7 12. b4 Nb6 13. Bb3 c5 14. a3 Bd6 15. Be3 Nd7 16. Be6 b6 17. Rhd1 Ne7 18. Kb3 Rhe8 19. Bf7 Rf8 20. Bc4 Rb8 21. Bb5 Rfd8 22. Rd2 Nf8 23. Rad1 Neg6 24. g3 Ne6 25. Bc4 Ngf8 26. Bb5 Be7 27. Rd5 Rxd5 28. exd5 Nd8 29. c4 Nb7 30. Kc3 Nd6 31. Bc6 Ne4+ 32. Kb3 Rd8 33. Nd2 Nxd2+ 34. Rxd2 Nd7 35. Kc3 Nb8 36. Ba4 Bd6 37. Bc2 g6 38. g4 Nd7 39. h4 Rg8 40. Rd1 a5 41. bxa5 bxa5 42. h5 gxh5 43. gxh5 Nf8 44. Rb1 Nd7 45. Bxh7 Rh8 46. Bg6 Nf8 47. Bf7 Rh7 48. Be8 Re7 49. Bg6 Nxg6 50. hxg6 Rg7 51. Rg1 f5 52. Bh6 Rg8 53. g7 a4 54. Rg6 Kd7 55. Rf6 e4 56. Rxf5 Ke7 57. Kd2 Kd7 58. Ke3 Be7 59. Kxe4 1-0


[Site "https://www.chess.com"]

[Event "Titled Tuesday Blitz August 22 Late 2023"]
[White "Suyarov, Mukhammadzokhid"]
[Black "Vovk, Orest"]
[WhiteFideId "14210495"]
[BlackFideId "14113490"]
[WhiteElo "2742"]
[BlackElo "2534"]
[Result "0-1"]
[Round "5"]
[TimeControl "180+1"]
[Date "2023.08.22"]
[WhiteClock "0:00:59"]
[BlackClock "0:00:24"]
[Board "51"]

1. d4 Nf6 2. Nc3 e6 3. Bf4 Bd6 4. Bxd6 cxd6 5. e4 O-O 6. Nf3 d5 7. e5 Ne4 8. Bd3 Nxc3 9. bxc3 h6 10. h4 d6 11. Qe2 dxe5 12. Nxe5 Nc6 13. f4 Nxe5 14. fxe5 f6 15. exf6 Qxf6 16. O-O-O Qf4+ 17. Kb1 Bd7 18. Rdf1 Qg3 19. Rh3 Rxf1+ 20. Qxf1 Qc7 21. Rg3 Qxg3 22. h5 Qd6 23. g4 Rf8 24. Qg1 e5 25. dxe5 Qb6+ 26. Qxb6 axb6 27. c4 Be6 28. cxd5 Bxd5 29. Bf5 Re8 30. Kb2 Rxe5 31. Bg6 Be6 32. a4 Bxg4 33. Kc3 Bxh5 34. Kd4 Bxg6 0-1


[Site "https://www.chess.com"]

[Event "Titled Tuesday Blitz August 22 Late 2023"]
[White "Ballester Llagaria, Luis Eduardo"]
[Black "Akobian, Varuzhan"]
[WhiteFideId "2297620"]
[BlackFideId "13300580"]
[WhiteElo "2554"]
[BlackElo "2737"]
[Result "0-1"]
[Round "5"]
[TimeControl "180+1"]
[Date "2023.08.22"]
[WhiteClock "0:00:01"]
[BlackClock "0:00:07"]
[Board "52"]

1. e4 e6 2. d4 d5 3. Bd3 Be7 4. Nd2 Nf6 5. e5 Nfd7 6. f4 g6 7. Ndf3 c5 8. c3 b6 9. Ne2 Ba6 10. Be3 Bxd3 11. Qxd3 Nc6 12. a3 c4 13. Qd2 h5 14. O-O-O b5 15. Rdg1 a5 16. Kd1 b4 17. axb4 axb4 18. Ke1 Ra2 19. Kf2 bxc3 20. Nxc3 Qb6 21. Nxa2 Qb3 22. Nc3 Nb4 23. Ra1 Nd3+ 24. Ke2 O-O 25. Rhb1 Rb8 26. Ra7 Rb7 27. Rxb7 Qxb7 28. b3 Bb4 29. Ne1 Nxe1 30. Kxe1 Qa6 31. Kf2 Qa5 32. Rc1 cxb3 33. Qb2 Ba3 34. Qxb3 Bxc1 35. Bxc1 Nb6 36. Bd2 Nc4 37. Be1 Qa1 38. Ne2 Kg7 39. Qc3 Qb1 40. g3 Qe4 41. Qf3 Qc2 42. Qc3 Qb1 43. h3 Qf5 44. Kg2 Qe4+ 45. Qf3 Ne3+ 46. Kf2 Nd1+ 47. Kg2 Ne3+ 48. Kf2 Nd1+ 49. Kg2 Qc2 50. g4 hxg4 51. hxg4 Nb2 52. f5 Nd3 53. Bf2 gxf5 54. gxf5 exf5 55. Qe3 Kf8 56. Qh6+ Ke8 57. Nf4 Qxf2+ 58. Kh1 Qf1+ 59. Kh2 Qxf4+ 0-1


[Site "https://www.chess.com"]

[Event "Titled Tuesday Blitz August 22 Late 2023"]
[White "Martinez Ramirez, Lennis"]
[Black "Sanhueza, Cristian"]
[WhiteFideId "3509079"]
[BlackFideId "116815"]
[WhiteElo "2736"]
[BlackElo "2487"]
[Result "1-0"]
[Round "5"]
[TimeControl "180+1"]
[Date "2023.08.22"]
[WhiteClock "0:02:03"]
[BlackClock "0:01:53"]
[Board "53"]

1. Nf3 Nf6 2. c4 g6 3. b4 Bg7 4. Bb2 O-O 5. g3 a5 6. b5 d6 7. Bg2 e5 8. O-O Nbd7 9. Nc3 Nc5 10. d3 Be6 11. Nd2 Qd7 12. Nb3 Nxb3 13. axb3 c6 14. Qd2 d5 15. Na4 Qc7 16. b6 Qd6 17. Ba3 Qd7 18. Nc5 Qc8 19. Nxe6 Qxe6 20. Bxf8 Bxf8 21. Rxa5 Rd8 22. c5 e4 23. d4 Ng4 24. Qf4 f5 25. Ra7 Rd7 26. h3 Nf6 27. e3 Kf7 28. Qb8 Qe7 29. Rfa1 g5 30. Rxb7 Rxb7 31. Qxb7 Qxb7 32. Ra7 1-0


[Site "https://www.chess.com"]

[Event "Titled Tuesday Blitz August 22 Late 2023"]
[White "Kuzmicz, Krystian"]
[Black "Buchenau, Frank"]
[WhiteFideId "1119125"]
[BlackFideId "4604350"]
[WhiteElo "2734"]
[BlackElo "2469"]
[Result "1-0"]
[Round "5"]
[TimeControl "180+1"]
[Date "2023.08.22"]
[WhiteClock "0:00:18"]
[BlackClock "0:00:01"]
[Board "54"]

1. e4 e6 2. b3 c5 3. Bb2 Nf6 4. e5 Nd5 5. Qf3 Be7 6. Bd3 Nc6 7. Ne2 O-O 8. Be4 d6 9. exd6 Bf6 10. Bxf6 Nxf6 11. Bxc6 bxc6 12. Qxc6 Qb6 13. Qxb6 axb6 14. Nbc3 Rd8 15. O-O-O Bb7 16. f3 Rxd6 17. d4 c4 18. Kb2 Nd5 19. Nxd5 Bxd5 20. Nc3 Bb7 21. bxc4 Rc8 22. c5 Rdc6 23. Na4 bxc5 24. Nxc5 Rb6+ 25. Kc3 Bd5 26. a4 e5 27. Rb1 Rbc6 28. Rb5 Be6 29. Rhb1 exd4+ 30. Kxd4 Rd8+ 31. Ke3 Rdc8 32. Nxe6 Rxe6+ 33. Kd2 Rd6+ 34. Kc1 Rdc6 35. R1b2 g6 36. a5 Re8 37. Kb1 Kg7 38. Ka2 Rc4 39. R5b3 Rec8 40. Ra3 R8c7 41. a6 Ra7 42. Kb1 Rc6 43. Rba2 h5 44. Kc1 h4 45. h3 g5 46. Kd2 Kg6 47. c3 f5 48. Ra4 Rd7+ 49. Kc2 Ra7 50. c4 Kf6 51. Kc3 Ke5 52. Ra5+ Kf4 53. c5 g4 54. hxg4 fxg4 55. fxg4 Kxg4 56. Kc4 Kg3 57. Kd5 Rc8 58. c6 Rd8+ 59. Kc5 Rb8 60. Rb5 Rxb5+ 61. Kxb5 1-0


[Site "https://www.chess.com"]

[Event "Titled Tuesday Blitz August 22 Late 2023"]
[White "Liyanage, Ranindu Dilshan"]
[Black "Pein, Jonathan"]
[WhiteFideId "9915834"]
[BlackFideId "417092"]
[WhiteElo "2732"]
[BlackElo "2451"]
[Result "0-1"]
[Round "5"]
[TimeControl "180+1"]
[Date "2023.08.22"]
[WhiteClock "0:01:49"]
[BlackClock "0:01:10"]
[Board "55"]

1. d4 Nf6 2. c4 b6 3. Nc3 Bb7 4. f3 g6 5. e4 d6 6. Bd3 Bg7 7. Nge2 c5 8. d5 Nbd7 9. O-O O-O 10. f4 e6 11. Qc2 exd5 12. exd5 Re8 13. Ng3 Ng4 14. Kh1 Nxh2 15. Kxh2 Qh4+ 16. Kg1 Bd4+ 17. Rf2 Qxg3 18. Nd1 Re1+ 19. Bf1 Rxd1 20. Be3 Rxa1 21. Bxd4 cxd4 22. f5 Ne5 23. fxg6 hxg6 24. Qe4 d3 25. b4 Kg7 26. c5 Rh8 27. Rf4 bxc5 28. bxc5 Bxd5 29. Qd4 Qxg2# 0-1


[Site "https://www.chess.com"]

[Event "Titled Tuesday Blitz August 22 Late 2023"]
[White "whiteglovethief"]
[Black "Jaracz, Pawel"]
[BlackFideId "1102222"]
[WhiteElo "2381"]
[BlackElo "2720"]
[Result "0-1"]
[Round "5"]
[TimeControl "180+1"]
[Date "2023.08.22"]
[WhiteClock "0:00:00"]
[BlackClock "0:00:12"]
[Board "56"]

1. d4 d5 2. c4 e6 3. Nf3 c6 4. g3 f5 5. Bg2 Nf6 6. O-O Bd6 7. Nc3 O-O 8. Qc2 Bd7 9. Rb1 a5 10. a3 Na6 11. c5 Be7 12. b4 axb4 13. axb4 Nc7 14. Bf4 Ne4 15. Bxc7 Qxc7 16. Ne5 Bf6 17. f4 Be8 18. Bxe4 fxe4 19. e3 Bh5 20. b5 Bxe5 21. fxe5 Bf3 22. bxc6 bxc6 23. Rb6 h5 24. Ne2 g5 25. Rfb1 Ra7 26. Nc3 h4 27. g4 Bxg4 28. Qg2 Bh5 29. Rf1 Rxf1+ 30. Qxf1 Bf3 31. Qh3 Qf7 32. Qf1 Ra3 33. Rxc6 Qf5 34. Rc8+ Kh7 35. Rc7+ Kh6 36. Ne2 Rxe3 37. Ng3 Qg4 0-1


[Site "https://www.chess.com"]

[Event "Titled Tuesday Blitz August 22 Late 2023"]
[White "ExchangeAB"]
[Black "Santos Latasa, Jaime"]
[BlackFideId "2293307"]
[WhiteElo "2440"]
[BlackElo "2962"]
[Result "1/2-1/2"]
[Round "5"]
[TimeControl "180+1"]
[Date "2023.08.22"]
[WhiteClock "0:00:17"]
[BlackClock "0:00:52"]
[Board "57"]

1. d4 Nf6 2. Nc3 d5 3. Bf4 a6 4. e3 h6 5. Nf3 Bf5 6. Ne5 e6 7. Bd3 Bxd3 8. cxd3 Nfd7 9. O-O Nxe5 10. Bxe5 Nd7 11. Bg3 Be7 12. Rc1 O-O 13. a3 c6 14. Na4 Re8 15. h3 a5 16. Nc3 b5 17. Ne2 Qb6 18. Qb3 Rec8 19. Nf4 a4 20. Qd1 c5 21. dxc5 Nxc5 22. d4 Ne4 23. Bh2 Rxc1 24. Qxc1 Qb7 25. Nd3 Rc8 26. Qd1 b4 27. Qxa4 bxa3 28. bxa3 Ra8 29. Qc2 Rxa3 30. Rb1 Qa6 31. Rd1 Ra2 32. Qb1 Nc3 33. Qb8+ Kh7 34. Ne5 Nxd1 35. Nxf7 Qa8 36. Qb1+ Kg8 37. Qg6 Qe8 38. Nxh6+ Kf8 39. Qxe6 gxh6 40. Qxh6+ Kg8 41. Be5 Bf8 42. Qh8+ Kf7 43. Qf6+ Kg8 44. Qh8+ Kf7 45. Qf6+ Kg8 46. Qh8+ 1/2-1/2


[Site "https://www.chess.com"]

[Event "Titled Tuesday Blitz August 22 Late 2023"]
[White "Martinez Reyes, Pedro Ramon"]
[Black "Paravyan, David"]
[WhiteFideId "3901807"]
[BlackFideId "4194985"]
[WhiteElo "2594"]
[BlackElo "2959"]
[Result "0-1"]
[Round "5"]
[TimeControl "180+1"]
[Date "2023.08.22"]
[WhiteClock "0:00:32"]
[BlackClock "0:01:53"]
[Board "58"]

1. e4 e5 2. Nf3 Nf6 3. Nc3 Nc6 4. Be2 d5 5. exd5 Nxd5 6. O-O Nxc3 7. bxc3 e4 8. Ne1 Bd6 9. f3 Bf5 10. fxe4 Bxe4 11. Nf3 O-O 12. d3 Bg6 13. d4 Re8 14. Bd3 Qd7 15. Rb1 b6 16. Bd2 Re7 17. Ng5 Rae8 18. Qf3 h6 19. Bxg6 fxg6 20. Qd5+ Re6 21. Qb5 hxg5 22. d5 Re2 23. dxc6 Rxg2+ 24. Kxg2 Qg4+ 25. Kf2 Bc5+ 0-1


[Site "https://www.chess.com"]

[Event "Titled Tuesday Blitz August 22 Late 2023"]
[White "Sargsyan, Shant"]
[Black "Pinheiro, Iung Alicio de O."]
[WhiteFideId "13306766"]
[BlackFideId "2104350"]
[WhiteElo "2915"]
[BlackElo "2598"]
[Result "1-0"]
[Round "5"]
[TimeControl "180+1"]
[Date "2023.08.22"]
[WhiteClock "0:00:23"]
[BlackClock "0:00:02"]
[Board "59"]

1. c4 e5 2. g3 Nc6 3. Bg2 Bc5 4. Nc3 a6 5. e3 d6 6. Nge2 Ba7 7. d4 h5 8. h4 Bg4 9. Qb3 Qc8 10. dxe5 Nxe5 11. Qxb7 Qxb7 12. Bxb7 Rb8 13. Bg2 Nd3+ 14. Kd2 Nxb2 15. Bxb2 Rxb2+ 16. Kd3 Nf6 17. Rhb1 Rxb1 18. Rxb1 Nd7 19. Bc6 Kd8 20. Bxd7 Kxd7 21. Nd4 Bb6 22. f3 Be6 23. Nd5 Bxd5 24. cxd5 Re8 25. e4 g6 26. Nc6 f5 27. Rb4 Bf2 28. exf5 gxf5 29. Rf4 Bxg3 30. Rxf5 Bxh4 31. Rxh5 Bf2 32. Rh7+ Kc8 33. Ne7+ Kb7 34. f4 Rf8 35. f5 Bg3 36. Ke4 Be5 37. Ng6 Re8 38. Re7 Rxe7 39. Nxe7 Bf6 40. Ng8 Bg7 41. f6 Bf8 42. Kf5 c6 43. Ke6 cxd5 44. Kxd5 Kc7 45. Ke6 Kc6 46. Ne7+ Kc5 47. Nf5 d5 48. Kf7 Bd6 49. Nxd6 Kxd6 50. Kg7 d4 51. f7 d3 52. f8=Q+ Kd5 53. Qf4 Kc5 54. Qd2 Kd4 55. Kg6 Ke4 56. Kg5 Kd4 57. Kg4 a5 58. Kf3 a4 59. Qb4+ Kd5 60. Ke3 1-0


[Site "https://www.chess.com"]

[Event "Titled Tuesday Blitz August 22 Late 2023"]
[White "Ibadov, Dashgyn"]
[Black "Mikaelyan, Arman"]
[WhiteFideId "24107514"]
[BlackFideId "13304852"]
[WhiteElo "2593"]
[BlackElo "2902"]
[Result "1/2-1/2"]
[Round "5"]
[TimeControl "180+1"]
[Date "2023.08.22"]
[WhiteClock "0:00:09"]
[BlackClock "0:00:10"]
[Board "60"]

1. e4 h6 2. d4 e6 3. Nc3 d5 4. Nf3 Nf6 5. e5 Ne4 6. Bd3 Nxc3 7. bxc3 c5 8. O-O b6 9. a4 Ba6 10. Bb5+ Bxb5 11. axb5 Nd7 12. Qe2 Be7 13. c4 dxc4 14. Qxc4 Qc7 15. Be3 O-O 16. dxc5 Bxc5 17. Bxc5 Qxc5 18. Qxc5 Nxc5 19. Ra3 Rfd8 20. Rfa1 Rd7 21. c3 Rad8 22. Nd4 Ne4 23. g3 Nxc3 24. Rxc3 Rxd4 25. Rxa7 R4d5 26. Rcc7 Rf8 27. f4 Rxb5 28. Kg2 Rb2+ 29. Kh3 h5 30. Rab7 b5 31. Rc5 b4 32. Rcb5 Kh7 33. Rxb4 Re2 34. Rb2 Re4 35. Kh4 Kh6 36. R7b4 g5+ 37. Kh3 g4+ 38. Kh4 Re1 39. f5 Rxe5 40. fxe6 fxe6 41. Rb5 Rff5 42. Rb8 Rf7 43. Rg8 Rg7 44. Rh8+ Kg6 45. Rf2 Rd5 46. Re8 Rd6 47. Ref8 Rd5 48. R8f6+ Kh7 49. Rxe6 Rgd7 50. Ref6 Kg7 51. R6f5 Rxf5 52. Rxf5 Rd2 53. Kxh5 Rxh2+ 54. Kxg4 Kg6 55. Re5 Rf2 56. Re6+ Kg7 57. Ra6 Kf7 58. Kg5 Kg7 59. g4 Rf7 60. Rb6 Rd7 61. Kh5 Kh7 62. g5 Kg7 63. Rc6 Re7 64. Rd6 Rc7 65. Kg4 Rc4+ 66. Kf5 Rc7 67. Kg4 Rc4+ 68. Kh5 Rc7 69. Rd5 Rb7 70. g6 Rc7 71. Rf5 Rb7 72. Kg5 Rc7 73. Rf7+ Rxf7 74. gxf7 Kxf7 1/2-1/2


[Site "https://www.chess.com"]

[Event "Titled Tuesday Blitz August 22 Late 2023"]
[White "Troff, Kayden"]
[Black "Tologon tegin, Semetei"]
[WhiteFideId "2047896"]
[BlackFideId "13800574"]
[WhiteElo "2753"]
[BlackElo "2591"]
[Result "0-1"]
[Round "5"]
[TimeControl "180+1"]
[Date "2023.08.22"]
[WhiteClock "0:00:07"]
[BlackClock "0:00:07"]
[Board "61"]

1. d4 d5 2. Nf3 Nf6 3. Bf4 c5 4. e3 Nc6 5. Nc3 a6 6. dxc5 e6 7. Na4 Ne4 8. c3 Nxc5 9. Nxc5 Bxc5 10. Bd3 h6 11. O-O O-O 12. e4 d4 13. cxd4 Nxd4 14. e5 b5 15. Be4 Ra7 16. Rc1 Bb6 17. Nxd4 Qxd4 18. Qc2 Bb7 19. Be3 Qxe4 20. Qxe4 Bxe4 21. Bxb6 Rb7 22. Bc5 Rd8 23. Bd6 Bd5 24. a3 f6 25. f4 fxe5 26. fxe5 Rf7 27. Rxf7 Kxf7 28. Rc7+ Kg6 29. Kf2 a5 30. g4 Rh8 31. Kg3 a4 32. h4 h5 33. gxh5+ Rxh5 34. Bf8 Rxe5 35. Rxg7+ Kf6 36. Rg4 Re3+ 37. Kf2 Rf3+ 38. Kg1 Rh3 39. Kf2 Kf5 40. Rg5+ Ke4 41. Rg4+ Kd3 42. Rg3+ Rxg3 43. Kxg3 e5 44. Bg7 e4 45. Kf2 e3+ 46. Ke1 Bf3 47. Bc3 Bh5 48. Bb4 Kc2 49. Bc3 Kb3 50. Bd4 Kc4 51. Bxe3 Kd3 52. Bg5 Ke4 53. Bf6 Kf5 54. Bg5 Kg6 55. Kd2 Bf3 56. Kc3 Be2 57. Kb4 Bf1 58. Bc1 Be2 59. Bg5 Bf1 60. Kc3 Be2 61. Kd4 Bf1 62. Ke3 Kh5 63. Kf2 Bc4 64. Bd8 Kg6 65. Kg3 Kh5 66. Kf4 Kg6 67. Kg4 Be2+ 68. Kf4 Bc4 69. Ke4 Kh5 70. Kd4 Kg6 71. Kc3 Kh5 72. Bf6 Kg6 73. Bd4 Kh5 74. Bf2 Kg6 75. Be1 Kh5 76. Kb4 Kg6 77. Bc3 Kh5 78. Bf6 Kg6 79. Bg5 Kh5 80. Kc3 Kg6 81. b4 axb3 82. Bc1 Kh5 83. Bg5 Kg4 84. Bf6 Kf5 85. Bg7 Kg6 86. Be5 Kh5 87. Bg3 b2 88. Be1 b1=Q 89. Bd2 Qb3+ 90. Kd4 Qd3+ 91. Kc5 Qxd2 92. a4 Qb2 93. a5 Qa3+ 94. Kb6 b4 95. a6 b3 96. a7 b2 97. Kb7 b1=Q+ 98. Kc6 Qa6+ 99. Kc5 Qbb5+ 100. Kd4 Qxa7+ 101. Kc3 Kxh4 102. Kc2 Qb3+ 0-1


[Site "https://www.chess.com"]

[Event "Titled Tuesday Blitz August 22 Late 2023"]
[White "Adewumi, Tanitoluwa"]
[Black "Erzhanov, Arman"]
[WhiteFideId "30966396"]
[BlackFideId "4138821"]
[WhiteElo "2748"]
[BlackElo "2587"]
[Result "0-1"]
[Round "5"]
[TimeControl "180+1"]
[Date "2023.08.22"]
[WhiteClock "0:00:11"]
[BlackClock "0:00:16"]
[Board "62"]

1. e4 d6 2. d4 Nf6 3. Nc3 c6 4. Nf3 Bg4 5. Be3 e6 6. h3 Bxf3 7. Qxf3 d5 8. Bd3 Bb4 9. e5 Nfd7 10. Qg3 g6 11. O-O O-O 12. a3 Be7 13. Bh6 Re8 14. f4 Bf8 15. Bxf8 Nxf8 16. Nd1 Kh8 17. Ne3 Nbd7 18. Qf2 c5 19. c3 cxd4 20. cxd4 Qb6 21. Rad1 f5 22. exf6 Nxf6 23. Kh2 Rac8 24. Qh4 Kg7 25. f5 exf5 26. Bxf5 Rc6 27. Rde1 Qxb2 28. Bb1 Rce6 29. Ng4 Nxg4+ 30. hxg4 Qxd4 31. Rxe6 Nxe6 32. Qg3 Rf8 33. Re1 Nf4 34. Qh4 Qf6 35. g5 Qd6 36. Qh6+ Kg8 37. g3 Nh5 38. Re3 Qb6 39. Bxg6 Qxg6 40. Re7 Qxh6 41. gxh6 Nf6 42. Kh3 Rf7 43. Re5 Kf8 44. g4 Re7 45. Rf5 Rf7 46. g5 Ne4 47. Rxd5 Ke7 48. Kg4 Nd6 49. Re5+ Kd7 50. Re1 Nc8 51. Kh5 Ne7 52. Rd1+ Ke8 53. Re1 Rf3 54. g6 Rh3+ 55. Kg5 Rg3+ 56. Kh5 Rxg6 57. Rf1 Ra6 58. Rg1 Ra5+ 59. Kh4 Ng6+ 60. Kg4 Rxa3 61. Re1+ Kf7 62. Rf1+ Ke6 63. Re1+ Ne5+ 64. Kh5 Rf3 65. Kg5 Rf5+ 66. Kh4 Rf7 67. Rb1 b6 68. Rc1 Kd6 69. Rd1+ Ke6 70. Rd8 Ng6+ 71. Kg5 Rf5+ 72. Kg4 Ne5+ 73. Kh4 Rf7 74. Kg5 Nf3+ 75. Kg4 Ne5+ 76. Kg5 Nd7 77. Re8+ Kd6 78. Ra8 a5 79. Rc8 a4 80. Rg8 b5 81. Rg7 Ne5 82. Rg8 b4 83. Rd8+ Kc5 84. Rc8+ Kd4 85. Rd8+ Kc3 86. Re8 Ng6 87. Rg8 Rd7 88. Rg7 Rd5+ 89. Kf6 Nf8 90. Rf7 Rd8 91. Kg7 a3 92. Rxf8 Rxf8 93. Kxf8 a2 94. Kg7 a1=Q 95. Kxh7 Kd3 96. Kg8 Qf6 97. h7 Qg6+ 98. Kh8 Qe8+ 99. Kg7 Qd7+ 100. Kg8 Qxh7+ 101. Kxh7 b3 102. Kg6 b2 103. Kf5 b1=Q 104. Kf4 Qc2 105. Ke5 Qc4 106. Kf5 Qd4 107. Ke6 Qe4+ 108. Kd6 Ke3 109. Kc5 Kf4 110. Kd6 Kf5 0-1


[Site "https://www.chess.com"]

[Event "Titled Tuesday Blitz August 22 Late 2023"]
[White "Principe, Gerson"]
[Black "Koellner, Ruben Gideon"]
[WhiteFideId "3804550"]
[BlackFideId "12993093"]
[WhiteElo "2577"]
[BlackElo "2715"]
[Result "1-0"]
[Round "5"]
[TimeControl "180+1"]
[Date "2023.08.22"]
[WhiteClock "0:00:17"]
[BlackClock "0:00:00"]
[Board "63"]

1. Nf3 d6 2. d4 Nf6 3. e3 Nbd7 4. Be2 e5 5. O-O Be7 6. c4 O-O 7. b4 exd4 8. Nxd4 c5 9. bxc5 dxc5 10. Nf3 b6 11. Bb2 Bb7 12. Nc3 Qc7 13. Qc2 Rad8 14. Rfd1 Nb8 15. Nb5 Qc8 16. Nxa7 Qe6 17. Qb3 Ne4 18. Rab1 g5 19. Ba1 g4 20. Ne1 Nd7 21. Nd3 Ng5 22. Nf4 Qe4 23. Nd5 Rfe8 24. Bd3 Qe6 25. Qc3 f6 26. Nc7 Qf7 27. Nxe8 Rxe8 28. Bf5 Ne5 29. Rxb6 Bxg2 30. Kxg2 Qh5 31. Be6+ Kf8 32. e4 1-0


[Site "https://www.chess.com"]

[Event "Titled Tuesday Blitz August 22 Late 2023"]
[White "Komov, Roman"]
[Black "subham777"]
[WhiteFideId "24175714"]
[WhiteElo "2709"]
[BlackElo "2538"]
[Result "0-1"]
[Round "5"]
[TimeControl "180+1"]
[Date "2023.08.22"]
[WhiteClock "0:00:24"]
[BlackClock "0:00:20"]
[Board "64"]

1. e4 e6 2. d4 d5 3. e5 c5 4. c3 Nc6 5. Nf3 Qb6 6. a3 cxd4 7. cxd4 Nge7 8. Bd3 Bd7 9. O-O Nxd4 10. Nbd2 Nec6 11. Re1 Be7 12. Nxd4 Qxd4 13. Nf3 Qg4 14. h3 Qh5 15. Kh2 f5 16. exf6 Bxf6 17. Qc2 Rc8 18. Qe2 O-O 19. Bd2 e5 20. Ng5 Qxe2 21. Bxe2 Bxg5 22. Bxg5 Rxf2 23. Rad1 Nd4 24. Bf1 Nf3+ 25. Kg3 Rxf1 26. Rxf1 Nxg5 27. Rxd5 Ne4+ 28. Kh2 Nf6 29. Rxf6 gxf6 30. Rd6 Bc6 0-1


[Site "https://www.chess.com"]

[Event "Titled Tuesday Blitz August 22 Late 2023"]
[White "Lamaze, Simon"]
[Black "Loay, Sameer"]
[WhiteFideId "36069264"]
[BlackFideId "8104239"]
[WhiteElo "2703"]
[BlackElo "2525"]
[Result "1-0"]
[Round "5"]
[TimeControl "180+1"]
[Date "2023.08.22"]
[WhiteClock "0:00:13"]
[BlackClock "0:00:00"]
[Board "65"]

1. c4 Nf6 2. d4 g6 3. Nf3 Bg7 4. Nc3 O-O 5. e4 d6 6. Be2 Na6 7. O-O e5 8. Be3 Ng4 9. Bg5 Qe8 10. Re1 f6 11. Bh4 Nh6 12. Bg3 Nf7 13. d5 f5 14. exf5 gxf5 15. h3 f4 16. Bh4 Bf5 17. Nd2 Qd7 18. Nde4 Nh6 19. Bg5 Rae8 20. a3 Bg6 21. Bxh6 Bxh6 22. Bg4 Qg7 23. b4 Kh8 24. Qf3 Nb8 25. c5 Qe7 26. Bh5 Nd7 27. Bxg6 hxg6 28. cxd6 cxd6 29. Rac1 a6 30. Qg4 Kg7 31. Rc2 f3 32. g3 Nb6 33. h4 Rf5 34. Rd1 Rd8 35. Rd3 Qf7 36. b5 a5 37. a4 Nc8 38. b6 Nxb6 39. Nb5 Qe7 40. Rc7 Rd7 41. Nbxd6 Rf8 42. h5 g5 43. Rc2 Rxd6 44. Rb3 Nc8 45. Rbc3 Rdd8 46. Rc7 Rf7 47. Rxe7 Nxe7 48. Nxg5 Bxg5 49. Qxg5+ Kf8 50. h6 Nxd5 51. Rc7 Rxc7 52. Qxd8+ Kf7 53. h7 1-0


[Site "https://www.chess.com"]

[Event "Titled Tuesday Blitz August 22 Late 2023"]
[White "Pert, Richard G"]
[Black "Grossboss19"]
[WhiteFideId "404748"]
[WhiteElo "2685"]
[BlackElo "2534"]
[Result "1-0"]
[Round "5"]
[TimeControl "180+1"]
[Date "2023.08.22"]
[WhiteClock "0:01:03"]
[BlackClock "0:01:04"]
[Board "66"]

1. d4 Nf6 2. Bg5 e6 3. e4 Be7 4. e5 Nd5 5. Bxe7 Nxe7 6. Qg4 O-O 7. Nf3 d6 8. Bd3 Nbc6 9. Bxh7+ Kh8 10. Qh5 Ng8 11. Bxg8+ Kxg8 12. Ng5 Qxg5 13. Qxg5 Nxd4 14. Na3 dxe5 15. Qxe5 Nc6 16. Qxc7 e5 17. O-O-O Be6 18. Qxb7 Rfc8 19. Rd6 Rab8 20. Qxc6 Rxc6 21. Rxc6 Bd5 22. Rc7 Bxg2 23. Rg1 Bf3 24. Nc4 e4 25. Nd2 Bh5 26. Nxe4 Kf8 27. Rxa7 Rb4 28. Re1 Rd4 29. c3 Rd5 30. b4 Bg6 31. f3 1-0


[Site "https://www.chess.com"]

[Event "Titled Tuesday Blitz August 22 Late 2023"]
[White "Olsen, Filip Boe"]
[Black "Grinev, Valeriy"]
[WhiteFideId "1440640"]
[BlackFideId "14117517"]
[WhiteElo "2683"]
[BlackElo "2513"]
[Result "1-0"]
[Round "5"]
[TimeControl "180+1"]
[Date "2023.08.22"]
[WhiteClock "0:00:07"]
[BlackClock "0:00:31"]
[Board "67"]

1. c4 c5 2. Nc3 Nc6 3. Nf3 e6 4. e3 Nf6 5. d4 cxd4 6. exd4 d5 7. c5 Be7 8. Bb5 O-O 9. O-O a6 10. Bxc6 bxc6 11. Bf4 a5 12. Re1 Ba6 13. h3 h6 14. b3 Nd7 15. Ne5 Nxe5 16. Bxe5 Bf6 17. Bd6 Re8 18. Qd2 Qc8 19. f4 Qb7 20. Re3 Rad8 21. Be5 Bxe5 22. fxe5 Qb4 23. Rg3 Kh8 24. Rd1 Rg8 25. Kh2 Rdf8 26. Qe3 f6 27. Rg6 Kh7 28. Rg3 f5 29. Ne2 Bxe2 30. Qxe2 g5 31. Qb2 a4 32. a3 Qa5 33. b4 Qb5 34. Qd2 Rg7 35. Qd3 Qxd3 36. Rgxd3 f4 37. Rb1 Rb7 38. Kg1 Kg6 39. Kf2 Kf5 40. Kf3 h5 41. Rd2 g4+ 42. hxg4+ hxg4+ 43. Kf2 Rh8 44. Rc2 Ke4 45. Rd2 f3 46. Re1+ Kf4 47. g3+ Kf5 48. Ke3 Rh3 49. Rg1 Rbh7 50. Rc2 Rh1 51. Rxh1 Rxh1 52. b5 cxb5 53. c6 Rh8 54. c7 Rc8 55. Rc5 b4 56. axb4 a3 57. Rc2 a2 58. Rxa2 Rxc7 59. Ra3 Rc2 60. Rb3 Re2+ 61. Kd3 Rg2 62. b5 Rxg3 63. Rb1 f2+ 64. Ke2 Rf3 65. b6 Kf4 66. b7 g3 67. b8=Q Re3+ 68. Kd2 g2 69. Qf8+ Kg3 70. Qg7+ Kf3 71. Qf6+ Ke4 72. Qxf2 Rd3+ 73. Ke2 Rxd4 74. Qxg2+ Kxe5 75. Qg3+ Kf5 76. Rf1+ Rf4 77. Qxf4+ Kg6 78. Rg1+ Kh5 79. Qh2# 1-0


[Site "https://www.chess.com"]